 Dungeon Crawl Stone Soup version 0.22-a0-423-g4197694 (webtiles) character file.

45 iamserjio the Changer (level 3, 0/18 HPs)
             Began as a Spriggan Transmuter on May 23, 2018.
             Slain by a crimson imp (2 damage)
             ... on level 2 of the Dungeon.
             The game lasted 00:04:30 (1809 turns).

iamserjio the Changer (Spriggan Transmuter)         Turns: 1809, Time: 00:04:31

Health: 0/18       AC:  2    Str:  7    XL:     3   Next: 42%
Magic:  3/8        EV: 19    Int: 14    God:
Gold:   76         SH:  0    Dex: 16    Spells: 2/8 levels left

rFire    . . .     SeeInvis +     - Unarmed
rCold    . . .     Gourm    .   (shield restricted)
rNeg     . . .     Faith    .   b - +0 robe
rPois    .         Spirit   .   (helmet restricted)
rElec    .         Reflect  .   (no cloak)
rCorr    .         Harm     .   (gloves unavailable)
MR       .....                  (boots unavailable)
Stlth    +.........             (no amulet)
HPRegen  0.06/turn              (no ring)
MPRegen  0.11/turn              (no ring)

@: very quick
A: very small, unfitting armour, see invisible, herbivore, speed 3, slow
metabolism 2
a: no special abilities


You were on level 2 of the Dungeon.
You were not hungry.

You visited 1 branch of the dungeon, and saw 2 of its levels.

You collected 76 gold pieces.

Inventory:

Missiles
 a - 12 arrows
 k - 42 stones (quivered)
Armour
 b - a +0 robe (worn)
Jewellery
 i - a cursed ring of teleportation {unknown}
Scrolls
 c - 2 scrolls of enchant weapon {unknown}
 e - a scroll of remove curse {unknown}
 g - a scroll of teleportation {unknown}
 h - 2 scrolls of magic mapping {unknown}
 j - a scroll of amnesia {unknown}
 l - a scroll of noise {unknown}
Potions
 f - a potion of might {unknown}
 m - a potion of heal wounds {unknown}
 n - a potion of agility {unknown}
Comestibles
 d - a ration


   Skills:
 - Level 1.0 Fighting
 + Level 3.7 Dodging
 * Level 2.8 Unarmed Combat
 - Level 3.0 Spellcasting
 * Level 3.7 Transmutations


You had 2 spell levels left.
You knew the following spells:

 Your Spells              Type           Power        Failure   Level  Hunger
a - Beastly Appendage     Tmut           ##....       4%          1    #......
b - Sticks to Snakes      Tmut           ##......     7%          2    ##.....
c - Spider Form           Tmut/Pois      #.........   30%         3    ###....

Your spell library contained the following spells:

 Spells                   Type           Power        Failure   Level  Hunger
 Blade Hands              Tmut           ##........   77%         5    ######.
 Ice Form                 Ice/Tmut       #.......     69%         4    #####..


Dungeon Overview and Level Annotations

Branches:
Dungeon (2/15)

Altars:


Innate Abilities, Weirdness & Mutations

You are very small and have problems with some larger weapons.
You are too small for most types of armour.
You have supernaturally acute eyesight. (SInv)
You are a herbivore.
You cover ground extremely quickly.
You need to consume almost no food.


Message History

You hit the crimson imp but do no damage.
The crimson imp is heavily wounded.
The crimson imp closely misses you.
You hit the crimson imp.
The crimson imp is severely wounded.
The crimson imp hits you.
* * * LOW HITPOINT WARNING * * *
The crimson imp blinks!
A jackal comes into view.
The crimson imp closely misses you.
You closely miss the crimson imp.
The crimson imp is heavily wounded.
The crimson imp completely misses you.
You completely miss the adder.
Your transformation has ended.
Your +0 robe unmelds from your body.
The adder closely misses you.
Okay, then.
You completely miss the adder. Your punch misses the adder.
The crimson imp hits you.
You die...

# ##...?.#
#.##...#..# .......
#...# ##
############.###....
...
........†...........
#(#
############.#######
#.# #S# #.# #@# #.#
#######5# #.#
#....(..# #.#
#.#######
#.########.#
...........#
..########## ###


You could see a crimson imp and an adder.

Vanquished Creatures
  An ooze (D:1)
  2 dart slugs
  A leopard gecko (D:1)
  A giant cockroach (D:1)
  2 goblins (D:1)
  3 hobgoblins
  6 jackals
  A quokka (D:2)
  A ball python (D:1)
  6 bats
  2 frilled lizards (D:1)
  5 kobolds (D:1)
  2 rats (D:1)
33 creatures vanquished.

Notes
Turn   | Place    | Note
-------+----------+-------------------------------------------
     0 | D:1      | iamserjio the Spriggan Transmuter began the quest for the Orb.
     0 | D:1      | Reached XP level 1. HP: 9/9 MP: 5/5
   108 | D:1      | Reached XP level 2. HP: 4/14 MP: 4/6
   564 | D:1      | Reached skill level 1 in Fighting
  1354 | D:1      | Reached XP level 3. HP: 14/18 MP: 6/8
  1553 | D:2      | Learned a level 2 spell: Sticks to Snakes
  1557 | D:2      | Learned a level 3 spell: Spider Form
  1809 | D:2      | Slain by a crimson imp

Vault maps used:
D:1:      scummos_arrival_hexagon

Skill      XL: |  1  2 |
---------------+-------+-----
Transmutations | 3 |  3.7
Fighting       | 1 |  1.0
Spellcasting   | 3 |  3.0
Dodging        | |  3.7
Unarmed Combat | |  2.8

Action                   || total
-------------------------++-------
Melee: Unarmed           ||   174
       Kick              ||     7
       Headbutt          ||     5
       Punch             ||     1
 Cast: Beastly Appendage ||    11
       Spider Form       ||     2
 Stab: Sleeping          ||     2
Armor: Robe              ||    10
       Skin              ||     2
Dodge: Dodged            ||   137

Table legend:
 A = Spawn XP
 B = Non-spawn XP
 C = Spawn XP percentage of total XP
 D = Spawn monster count
 E = Non-spawn monster count
 F = Spawn count percentage of total count
 G = Total turns spent on level
                    A         B        C        D         E        F      G
               +---------+---------+-------+---------+---------+-------+---------
         Total |       0 |      65 |   0.0 |       0 |      33 |   0.0 |  1809
               +---------+---------+-------+---------+---------+-------+---------
           D:1 |       0 |      52 |   0.0 |       0 |      27 |   0.0 |  1549
           D:2 |       0 |      13 |   0.0 |       0 |       6 |   0.0 |   260
               +---------+---------+-------+---------+---------+-------+---------
